 Dungeon Crawl Stone Soup version 0.29-a0-356-g7bc237e783 (webtiles) character file.

Game seed: 18058540828325737157

45 spaghetti the Sneak (level 3, 33/33 HPs)
             Began as a Deep Dwarf Delver on Apr 26, 2022.
             Quit the game on level 3 of the Dungeon.
             The game lasted 00:01:37 (453 turns).

spaghetti the Sneak (Deep Dwarf Delver)              Turns: 453, Time: 00:01:37

Health: 33/33      AC:  3    Str: 15    XL:     3   Next: 42%
Magic:  2/2        EV: 12    Int: 10    God:
Gold:   15         SH:  0    Dex: 16    Spells: 2/2 levels left

rFire   . . .      SeeInvis .   a - +0 short sword {short}
rCold   . . .      Faith    .   (no shield)
rNeg    . . .      Spirit   .   b - +0 leather armour
rPois   .          Reflect  .   (no helmet)
rElec   .          Harm     .   (no cloak)
rCorr   .          Rampage  .   (no gloves)
Will    .....                   (no boots)
Stlth   ++++......              (no amulet)
HPRegen 0.00/turn               (no ring)
MPRegen 0.08/turn               (no ring)

@: no status effects
A: damage resistance, heal wounds, sense surroundings 1, no regeneration
a: Heal Wounds


You were on level 3 of the Dungeon.
You visited 1 branch of the dungeon, and saw 4 of its levels.

You collected 15 gold pieces.


Innate Abilities, Weirdness & Mutations

You are resistant to damage.
You can heal yourself by infusing magical energy.
You passively map a small area around you.
You do not regenerate.


   Skills:
 - Level 2.6 Fighting
 - Level 1.7 Short Blades
 - Level 2.1 Dodging
 + Level 7.5 Stealth


You had 2 spell levels left.
You didn't know any spells.
Your spell library contained the following spells:

 Spells                   Type           Power      Damage    Failure   Level
 Sublimation of Blood     Necr           0%         N/A       56%         2
 Wereblood                Tmut           0%         N/A       56%         2
 Confusing Touch          Hex            0%         N/A       80%         3
 Yara's Violent Unravell  Hex/Tmut       0%         3d3       100%        5
 Enfeeble                 Hex            0%         N/A       100%        7
 Summon Hydra             Summ           0%         N/A       100%        7

Inventory:

Hand Weapons
 a - a +0 short sword (weapon) {short}
Missiles
 h - 26 stones {throwing}
Armour
 b - a +0 leather armour (worn)
Wands
 g - a wand of digging (2)
Scrolls
 c - a scroll of fog
 d - a scroll of magic mapping {!r}
 e - a scroll of fear
 i - 2 scrolls of identify {unknown}
 j - a scroll of enchant armour {unknown}
Potions
 f - a potion of haste {@q3}
 k - a potion of attraction {unknown}
 l - 2 potions of ambrosia {unknown}

Dungeon Overview and Level Annotations

Branches:
Dungeon (6/15)
 Temple: D:4-7

Altars:
Hepliaklqana
Nemelex Xobeh
Qazlal
Wu Jian

Shops:
D:3 [

Annotations:
D:4 Pikel
D:5 1 exclusion

#..###..#
.......#.#.#.#
....#####.##.#
... ####.# .
#.# , #.# , ,*
#.# #.# , #@#
#.# , * #.# ,
, ,, ..# , *
*###


There were no monsters in sight!


Message History

There is a stone staircase leading up here.
The ufetubus hits you but does no damage. x3
The ufetubus closely misses you.
You climb upwards.
There is a stone staircase leading down here.
Unknown command.
Unknown command.
You hit the ufetubus.
The ufetubus hits you but does no damage.
The ufetubus hits you. 😕 HP[-2]
You take 2 damage, and now have 30/33 hp.
You hit the ufetubus but do no damage.
The ufetubus hits you but does no damage.
The ufetubus hits you.
The ufetubus hits you but does no damage.
The ufetubus hits you.
You hit the ufetubus but do no damage. The ufetubus closely misses you.
The ufetubus barely misses you. x2; The ufetubus hits you. 😕 HP[-1]
You take 1 damage, and now have 29/33 hp.
You hit the ufetubus. The ufetubus barely misses you.
The ufetubus closely misses you.
You hit the ufetubus. The ufetubus closely misses you. The ufetubus hits you.
The ufetubus hits you but does no damage.
The ufetubus hits you.
You hit the ufetubus but do no damage. The ufetubus hits you.
The ufetubus closely misses you. 😕 HP[-1]
You take 1 damage, and now have 28/33 hp.
You hit the ufetubus.
You kill the ufetubus!
There is a stone staircase leading down, spattered with blood here.
Found an ornate altar of the Wu Jian Council.
Found a stormy altar of Qazlal.
Found a sparkling altar of Nemelex Xobeh.
Found a hazy altar of Hepliaklqana.
Unknown command.
There is a stone staircase leading down, spattered with blood here.
Found a stone staircase leading down.
You now have 15 gold pieces (gained 9).
There is a stone staircase leading down here.
Key pressed, stopping explore.
Found a stone staircase leading down.
There is a stone staircase leading down here.
i - 2 scrolls labelled WOGICW JYTIF (gained 1)
Found an escape hatch in the floor.
Okay, then.
Found Gawno's Antique Armour Shoppe.
There is an entrance to Gawno's Antique Armour Shoppe here.
You can access your shopping list by pressing '$'.
l - 2 pink potions A dart slug comes into view.
A dart slug is nearby!
A dart slug is nearby!
You are too injured to fight recklessly!
You are too injured to fight recklessly!
You are too injured to fight recklessly!
You are too injured to fight recklessly!
You are too injured to fight recklessly!
You are too injured to fight recklessly!
You are too injured to fight recklessly!
You are too injured to fight recklessly!
You are too injured to fight recklessly!
You are too injured to fight recklessly!
You are too injured to fight recklessly!
You are too injured to fight recklessly!
You are too injured to fight recklessly!
The dart slug misses you.
You hit the dart slug. The dart slug launches a dart at you.
The slug dart hits you. 😕 HP[-2]
You take 2 damage, and now have 26/33 hp.
You hit the dart slug but do no damage. You hit the dart slug.
The dart slug barely misses you.
You hit the dart slug but do no damage. The dart slug launches a dart at you.
The slug dart hits you. 😮 HP[-2]
You take 2 damage, and now have 24/33 hp.
You hit the dart slug. You barely miss the dart slug.
The dart slug launches a dart at you. The slug dart misses you.
You hit the dart slug. The dart slug launches a dart at you.
The slug dart hits you. 😮 HP[-3]
You take 3 damage, and now have 21/33 hp.
You hit the dart slug.
You kill the dart slug!
You see here a dart slug corpse.
Okay, then.
You fail to use your ability.
Your magical essence is drained by the effort!
You feel much better. 😎 HP[+12] MP[-1]
Your hp is fully restored (33).
Are you sure you want to abandon this character and quit the game? (Confirm with "yes".)

Skill      XL: |  1  2 |
---------------+-------+-----
Stealth        | 7 |  7.5
Fighting       | |  2.6
Short Blades   | |  1.7
Dodging        | |  2.1

Action                   || total
-------------------------++-------
Melee: Short sword       ||    27
 Abil: Heal Wounds       ||     2
Evoke: Wand              ||     1
 Stab: Sleeping          ||     1
Armor: Leather armour    ||    10
Dodge: Dodged            ||    30

Levels and vault maps discovered:
D:3:      layout_loops_ring, minitemple, serial_shops, shop,
          nicolae_diamond_shop, chequers_arboretum
D:4:      layout_gridville, gup_ossuary_entry_pyramid, chequers_garden,
          grunt_ministairs_4, fountainhead, minivault_23, uniq_pikel,
          uniq_grinder
D:5:      layout_basic, dk_noncrumbling_2
D:6:      minmay_spotlight, layout_cave_pools, minmay_temple_entry_fiery,
          serial_shops, nicolae_shop_bloodbath_and_beyond

Notes
Turn   | Place    | Note
-------+----------+-------------------------------------------
     0 | D:5      | spaghetti the Deep Dwarf Delver began the quest for the
                  | Orb.
     0 | D:5      | Reached XP level 1. HP: 20/20 MP: 1/1
     0 | D:5      | magus.rc [v1.9.6]
    21 | D:6      | Reached XP level 2. HP: 27/27 MP: 2/2
   176 | D:5      | You pick up a book of Misfortune and begin reading...
   176 | D:5      | You add the spells Confusing Touch, Yara's Violent
                  | Unravelling and Enfeeble to your library.
   214 | D:4      | Reached skill level 7 in Stealth
   214 | D:4      | Reached XP level 3. HP: 33/33 MP: 3/3
   277 | D:4      | Noticed Pikel
   281 | D:4      | You pick up a book of Blood and begin reading...
   281 | D:4      | You add the spells Sublimation of Blood, Wereblood and
                  | Summon Hydra to your library.
   285 | D:4      | Noticed a lemure
   285 | D:4      | Noticed a lemure
   286 | D:4      | Noticed a lemure
   322 | D:3      | Found an ornate altar of the Wu Jian Council.
   330 | D:3      | Found a stormy altar of Qazlal.
   331 | D:3      | Found a sparkling altar of Nemelex Xobeh.
   334 | D:3      | Found a hazy altar of Hepliaklqana.
   418 | D:3      | Found Gawno's Antique Armour Shoppe.
   453 | D:3      | Quit the game

Vanquished Creatures
  An iguana (D:4)
  A shadow imp (D:6)
  An ufetubus (D:3)
  A dart slug (D:3)
  An orc (D:5)
  An endoplasm (D:4)
6 creatures vanquished.

Table legend:
 A = Non-vault XP
 B = Vault XP
 C = Vault XP percentage of total XP
 D = Non-vault monster count
 E = Vault monster count
 F = Vault count percentage of total count
                 A         B        C        D         E       F
            +---------+---------+-------+---------+---------+-------
      Total |      65 |       0 |   0.0 |       6 |       0 |   0.0
            +---------+---------+-------+---------+---------+-------
        D:3 |      12 |       0 |   0.0 |       2 |       0 |   0.0
        D:4 |      38 |       0 |   0.0 |       2 |       0 |   0.0
        D:5 |       3 |       0 |   0.0 |       1 |       0 |   0.0
        D:6 |      12 |       0 |   0.0 |       1 |       0 |   0.0
            +---------+---------+-------+---------+---------+-------

Illustrated notes

Table legend:
 A = Kills in this place as a percentage of kills in entire the game.
 B = Kills by you in this place as a percentage of kills by you in the entire game.
 C = Kills by friends in this place as a percentage of kills by friends in the entire game.
 D = Other kills in this place as a percentage of other kills in the entire game.
 E = Experience gained in this place as a percentage of experience gained in the entire game.
 F = Experience gained in this place divided by the number of levels of this place that you have seen.
                   A       B       C       D       E      F
               +-------+-------+-------+-------+-------+----------------------
         Total | 100.0 | 100.0 |   N/A |   N/A | 100.0 |  16.2
       Dungeon | 100.0 | 100.0 |   N/A |   N/A | 100.0 |  16.2
               +-------+-------+-------+-------+-------+----------------------

Table legend: (Time is in decaauts)
 A = Elapsed time spent in this place.
 B = Non-inter-level travel time spent in this place.
 C = Inter-level travel time spent in this place.
 D = Time resting spent in this place.
 E = Time spent auto-exploring this place.
 F = Levels seen in this place.
 G = Mean time per level.
                   A        B        C        D        E       F      G
               +--------+--------+--------+--------+--------+-----+--------+
         Total |    453 |    453 |      0 |      3 |    313 |   4 |  113.2 |
       Dungeon |    453 |    453 |      0 |      3 |    313 |   4 |  113.2 |
               +--------+--------+--------+--------+--------+-----+--------+

Top non-repeatable levels by time:
     D:5: 198 daAuts
     D:3: 151 daAuts
     D:4: 94 daAuts
     D:6: 9 daAuts
